Map: Dreamcatcher LE

Players

Trizztein

  • Race: Terran Terran
  • League: Diamond
  • Spawn Location: 5:00

A.I. 1 (Very Easy) - Winner!

  • Race: Protoss Protoss
  • Spawn Location: 11:00

VOD

Have the link to the VOD?

Description

Time

  • Played on: July 12, 2018, 6:31 a.m.
  • Length: 8:31
Show
View Real Time Build Order
Export as new Build Order

Trizztein Terran 

Build Orders: Liberator Opening, MMM Bio 

Get SALT Encoding   

  6  0:00  SCV  
  13  0:12  SCV  
  14  0:17  Supply Depot  
  14  0:24  SCV  
  14  0:28  Refinery  
  15  0:39  SCV  
  16  0:45  Barracks  
  16  0:51  SCV  
  17  1:03  SCV  
  18  1:15  SCV  
  19  1:29  Refinery  
  19  1:32  Marine, Orbital Command  
  20  1:33  Factory  
  20  1:50  Barracks Reactor  
  20  1:57  SCV  
  20  1:58  Supply Depot  
  21  2:09  SCV  
  22  2:20  Widow Mine  
  24  2:25  SCV  
  24  2:29  Command Center  
  25  2:37  SCV  
  25  2:41  Starport  
  26  2:50  Supply Depot  
  26  2:51  Barracks Reactor  
  26  2:53  SCV  
  26  2:58  Widow Mine  
  29  3:05  SCV  
  30  3:12  Hellion  
  32  3:18  SCV, Starport Tech Lab  
  33  3:23  Hellion  
  33  3:25  Liberator  
  35  3:31  SCV  
  36  3:40  Orbital Command  
  36  3:43  SCV  
  36  3:45  Medivac  
  42  3:50  Hellion  
  42  3:51  Marine  
  45  3:56  SCV  
  45  3:58  Stimpack  
  46  4:07  SCV  
  46  4:09  Marine, SCV  
  49  4:11  Supply Depot  
  49  4:19  SCV  
  49  4:21  SCV  
  49  4:23  Engineering Bay  
  51  4:31  SCV  
  52  4:33  SCV  
  52  4:34  Factory Tech Lab  
  52  4:35  Barracks  
  52  4:38  Bunker, Marine  
  53  4:42  Supply Depot  
  53  4:43  SCV  
  55  4:46  SCV  
  55  4:52  Siege Tank  
  59  4:55  Refinery, SCV  
  60  5:01  SCV  
  61  5:07  SCV  
  61  5:11  Marine  
  61  5:14  SCV  
  64  5:15  Supply Depot, Terran Infantry Weapons Level 1  
  64  5:19  Supply Depot, SCV  
  65  5:26  SCV  
  66  5:28  Liberator  
  66  5:30  Barracks  
  66  5:31  Barracks, SCV  
  66  5:32  Barracks  
  66  5:33  Liberator  
  66  5:34  Factory Tech Lab  
  67  5:39  Barracks, SCV  
  66  5:44  Supply Depot  
  69  5:54  Siege Tank  
  75  5:59  Combat Shields  
  75  6:07  Supply Depot  
  75  6:08  Supply Depot  
  75  6:09  Marine x2  
  75  6:10  Marine  
  78  6:19  Marine  
  78  6:20  Marine  
  78  6:21  Concussive Shells  
  78  6:23  Marauder  
  82  6:27  Marine x2  
  82  6:28  Marauder, Medivac  
  82  6:29  Barracks Tech Lab  
  88  6:35  Supply Depot  
  88  6:36  Supply Depot  
  88  6:37  Marine x2  
  90  6:44  Marine  
  90  6:45  Marine x2  
  90  6:46  Siege Tank  
  96  6:49  Marine  
  96  6:50  Supply Depot  
  96  6:52  Marine  
  96  6:53  Supply Depot  
  98  6:55  Marine  
  99  7:09  Supply Depot x2, Marine  
  99  7:10  Marine x3  
  99  7:12  Marauder  
  99  7:13  Marine  
  99  7:14  Marauder  
  108  7:18  Siege Tank  
  111  7:26  Liberator  
  111  7:27  Marine x3  
  114  7:30  Bunker  
  114  7:32  Supply Depot x2  
  114  7:38  Marine x4, Missile Turret  
  121  7:47  Marine x2  
  121  7:51  Marine  
  123  7:55  Marine x2  
  123  7:57  Siege Tank  
  128  8:00  Marine x2  
  132  8:07  Marine x2  
  132  8:11  Marine  
Show
View Real Time Build Order
Export as new Build Order

A.I. 1 (Very Easy) Protoss - Winner!

Build Orders: 1 Gate Expand, Nexus First 

Get SALT Encoding   

  6  0:00  Probe  
  13  0:13  Probe  
  14  0:19  Pylon  
  14  0:43  Gateway  
  14  1:00  Nexus  
  14  1:19  Pylon  
  14  1:21  Zealot  
  14  1:23  Assimilator  
  16  1:36  Cybernetics Core  
  16  1:38  Probe  
  17  1:50  Probe  
  18  2:00  Probe, Assimilator  
  18  2:07  Stalker  
  19  2:08  Probe  
  19  2:10  Warp Gate  
  22  2:18  Probe  
  23  2:24  Probe  
  24  2:33  Probe  
  25  2:40  Probe  
  26  2:45  Pylon  
  26  2:47  Probe  
  27  2:54  Probe  
  28  3:01  Probe  
  29  3:09  Probe  
  30  3:13  Robotics Facility  
  30  3:16  Probe  
  30  3:23  Probe  
  30  3:24  Zealot  
  33  3:30  Probe  
  34  3:37  Probe  
  35  3:45  Probe  
  36  3:52  Probe  
  36  3:53  Assimilator  
  37  3:58  Observer  
  37  3:59  Probe  
  39  4:04  Assimilator  
  39  4:06  Probe  
  40  4:11  Probe  
  40  4:13  Observer  
  41  4:20  Probe  
  41  4:24  Probe  
  44  4:32  Sentry  
  44  4:35  Probe  
  47  4:39  Pylon  
  47  4:42  Probe  
  48  4:49  Probe  
  49  4:56  Probe  
  50  5:04  Probe  
  49  5:12  Probe  
  38  5:15  Probe  
  38  5:18  Zealot  
  33  5:26  Probe  
  34  5:33  Probe  
  35  5:41  Probe  
  36  5:44  Immortal  
  36  5:48  Probe  
  41  5:55  Probe  
  42  6:02  Probe  
  43  6:09  Probe  
  44  6:15  Probe, Zealot  
  47  6:24  Probe  
  48  6:27  Probe  
  49  6:38  Probe  
  50  6:46  Probe  
  51  6:49  Pylon  
  51  6:53  Probe  
  52  7:00  Probe  
  53  7:06  Probe  
  54  7:24  Stalker  
  56  7:54  Observer  
  42  8:11  Probe  
Tags
 
Add a new tag
Caveats
  • Supply blocks, unpowered buildings, or Contaminate may cause inaccurate times.
  • Supply counts are checked every 10 seconds.